 Dungeon Crawl Stone Soup version 0.26.0-8-g74fc34ddfb (webtiles) character file.

Game seed: 11838037099407995679

261 ythm the Chopper (level 6, -4/35 HPs)
             Began as a Gargoyle Gladiator on Jan 12, 2021.
             Was a Plaything of Xom.
             Slain by Prince Ribbit (23 damage)
             ... on level 6 of the Dungeon.
             The game lasted 00:02:43 (1943 turns).

ythm the Chopper (Gargoyle Gladiator)               Turns: 1943, Time: 00:02:43

Health: -4/35      AC:  8    Str: 20    XL:     6   Next: 18%
Magic:  6/6        EV: 17    Int:  8    God:    Xom [......]
Gold:   130        SH:  0    Dex: 11    Spells: 5/5 levels left

rFire    . . .     SeeInvis .   a - +1 war axe
rCold    . . .     Faith    .   (no shield)
rNeg     + . .     Spirit   .   b - +0 leather armour
rPois    ∞         Reflect  .   c - +0 helmet
rElec    +         Harm     .   (no cloak)
rCorr    .         Rampage  .   (no gloves)
Will     .....                  (no boots)
Stlth    +.........             j - amulet of regeneration
HPRegen  0.51/turn              (no ring)
MPRegen  0.10/turn              (no ring)

@: mighty, agile, berserk cooldown, very slightly contaminated, hasted and
slowed
A: negative energy resistance 1, electricity resistance, unbreathing,
petrification resistance, miasma immunity, AC +4
a: Renounce Religion


You were on level 6 of the Dungeon.
You worshipped Xom.
You were a very special plaything of Xom.
You visited 1 branch of the dungeon, and saw 4 of its levels.

You collected 130 gold pieces.

Inventory:

Hand Weapons
 a - a +1 war axe (weapon)
Missiles
 d - 3 throwing nets (quivered)
Armour
 b - a +0 leather armour (worn)
 c - a +0 helmet (worn)
Jewellery
 j - an amulet of regeneration (around neck)
Scrolls
 e - 2 scrolls of identify
 f - 2 scrolls of teleportation
 i - a scroll of enchant weapon
Potions
 g - a potion of attraction
 k - a potion of curing
 l - a potion of heal wounds
 m - a potion of haste


   Skills:
 - Level 2.1 Fighting
 + Level 6.1 Axes
 - Level 1.7 Throwing
 - Level 2.4 Dodging


You had 5 spell levels left.
You didn't know any spells.
Your spell library was empty.

Dungeon Overview and Level Annotations

Branches:
Dungeon (3/15)

Altars:
Ru
Trog
Uskayaw
Vehumet
Xom

Annotations:
D:6 Prince Ribbit


Innate Abilities, Weirdness & Mutations

You are resistant to torment.
Your stone body is resilient. (AC +4)
You are immune to poison.
You resist negative energy. (rN+)
You are resistant to electric shocks. (rElec)
You can survive without breathing.
You are immune to petrification.
You are immune to miasma.


Message History

Your +0 leather armour unmelds from your body.
Your amulet of regeneration unmelds from your body. "Get over here!"
The white imp blinks!
You hear a croak.
You hear the slow hiss of an avalanche of sand nearby.
You hear a loud, deep croak!
The blink frog blinks!
Something hits you.
Unknown command.
Unknown command.
Unknown command.
You slash something! You slash the blink frog! Something barely misses you.
The blink frog misses you. Something hits you.
Unknown command.
You barely miss the blink frog.
The blink frog is moderately wounded.
You hit something. Something hits you!!
Ouch! That really hurt!
You die...
Xom howls with laughter!

.###..# ....... #........# #
........### ###.##
.........##......
.................
#####..#........<...
...........F........ ...
.#...........{@.#...!......
...!......$.#......####..##
#..............##..........
.........W#### ..........
......o.## #...$..... ##...##o#
#.........
#.###..###§########........
........§§§W.......(..$......##
#..#.#.#####o$....#........#...


You could see a phantom, a blink frog shaped shifter and 2 orcs.

Vanquished Creatures
  Edmund (D:6)
  A bullfrog (D:6)
  A jelly (D:6)
  An adder (D:2)
  2 oozes
  3 worms
  A leopard gecko (D:6)
  An orc (D:3)
  4 giant cockroaches
  5 goblins
  4 hobgoblins
  A quokka (D:2)
  A ball python (D:2)
  8 bats
  9 frilled lizards
  4 kobolds
  12 rats
59 creatures vanquished.

Vanquished Creatures (others)
  A plant (D:2)
1 creature vanquished.

Grand Total: 60 creatures vanquished

Notes
Turn   | Place    | Note
-------+----------+-------------------------------------------
     0 | D:1      | ythm the Gargoyle Gladiator began the quest for the Orb.
     0 | D:1      | Reached XP level 1. HP: 12/12 MP: 1/1
    19 | D:1      | You fall into a shaft and drop 1 floor!
    44 | D:2      | Reached skill level 3 in Axes
    44 | D:2      | Reached XP level 2. HP: 2/17 MP: 2/2
   647 | D:1      | Reached XP level 3. HP: 14/21 MP: 3/3
  1105 | D:2      | Reached skill level 4 in Axes
  1491 | D:2      | Reached XP level 4. HP: 26/26 MP: 4/4
  1576 | D:2      | Found a radiant altar of Vehumet.
  1636 | D:2      | Found a sacrificial altar of Ru.
  1636 | D:2      | Found a bloodstained altar of Trog.
  1649 | D:2      | Found a hide-covered altar of Uskayaw.
  1651 | D:2      | Found a faded altar of an unknown god.
  1653 | D:2      | Found a faded altar of an unknown god.
  1657 | D:2      | Became a worshipper of Xom the Random Number God
  1884 | D:3      | You fall into a shaft and drop 3 floors!
  1893 | D:6      | Noticed a bullfrog
  1895 | D:6      | Noticed a phantom
  1896 | D:6      | XOM: summons friendly quasit
  1897 | D:6      | Noticed an ice beast
  1899 | D:6      | Noticed Edmund
  1900 | D:6      | XOM: confuse monster(s)
  1909 | D:6      | XOM: potion effect (haste)
  1912 | D:6      | XOM: 2-stop teleportation journey
  1913 | D:6      | Noticed Prince Ribbit
  1917 | D:6      | Killed a bullfrog
  1919 | D:6      | XOM: chaos cloud
  1922 | D:6      | Reached skill level 5 in Axes
  1926 | D:6      | Killed Edmund
  1927 | D:6      | Reached skill level 6 in Axes
  1927 | D:6      | Reached XP level 5. HP: 30/30 MP: 5/5
  1927 | D:6      | Reached XP level 6. HP: 35/35 MP: 6/6
  1935 | D:6      | XOM: summons 1 hostile demon
  1936 | D:6      | Noticed a shapeshifter
  1936 | D:6      | an orc changed into a shapeshifter
  1937 | D:6      | Noticed a blink frog
  1937 | D:6      | a shapeshifter changed into a blink frog
  1940 | D:6      | XOM: blink monster(s)
  1943 | D:6      | Slain by Prince Ribbit

Illustrated notes

Levels and vault maps discovered:
D:1:      eino_arrival_water_star, layout_basic, minmay_lizard_pond
D:2:      layout_rooms, vehumet_crystals, chequers_temple_overflow_minitemple,
          guppyfry_early_lair_pool
D:3:      layout_basic, nzn_wu_jian_council_hall, st_stairs_2, tgw_fedhas
D:6:      layout_rooms, chequers_ossuary_entry_cave, serial_shops, shop,
          uniq_edmund, uniq_prince_ribbit1

Skill      XL: |  1  2  3  4 |
---------------+-------------+-----
Axes           | 3 4 6 |  6.1
Fighting       | |  2.1
Throwing       | |  1.7
Dodging        | |  2.4

Action                   |  1- 3 |  4- 6 || total
-------------------------+-------+-------++-------
Melee: War axe           |   128 |    40 ||   168
       Unarmed           |       |    12 ||    12
  Use: Scroll            |       |     7 ||     7
 Stab: Invisible         |       |     3 ||     3
Armor: Leather armour    |    54 |    10 ||    64
Dodge: Dodged            |    89 |    41 ||   130
